 Dungeon Crawl Stone Soup version 0.30-a0-1160-g6e42c06551 (webtiles) character file.

Game seed: 8993192691224971917

233 jimonade the Cudgeller (level 5, 0/42 HPs)
             Began as a Mummy Monk on Apr 26, 2023.
             Was a Follower of Ru.
             Shot with an arrow by a centaur (12 damage)
             ... on level 5 of the Dungeon.
             The game lasted 00:11:11 (3315 turns).

jimonade the Cudgeller (Mummy Monk)                 Turns: 3315, Time: 00:11:12

Health: 0/42       AC: 10    Str: 14    XL:     5   Next: 74%
Magic:  6/6        EV:  7    Int: 11    God:    Ru [*.....]
Gold:   232        SH:  5    Dex: 15    Spells: 6/6 levels left

rFire   x . .        a - +0 mace
rCold   + . .        c - orb {light}
rNeg    + + +        p - +0 chain mail
rPois   ∞            r - +0 helmet
rElec   .            (no cloak)
rCorr   .            (no gloves)
SInv    .            F - +0 pair of boots
Will    .....        m - amulet of reflection Stlth
                     (no ring)
HPRegen 0.27/turn    (no ring)
MPRegen 0.10/turn

%: reflection, faith
@: glowing
A: cold resistance 1, negative energy resistance 3, torment resistance 2, heat
vulnerability 1, hated by all, in touch with death 1, no potions, faith
a: Renounce Religion


You were on level 5 of the Dungeon.
You worshipped Ru.
Ru was aware of your devotion.
You visited 2 branches of the dungeon, and saw 6 of its levels.

You collected 232 gold pieces.

Inventory:

Hand Weapons
 a - a +0 mace (weapon)
 b - a +1 dagger of venom
 g - a +0 short sword
 h - a +0 dagger
 i - a +0 scimitar
 y - a +2 dagger of draining
 A - a +1 short sword of draining
 C - a +0 flail
 D - a +0 quarterstaff
Missiles
 d - 3 datura-tipped darts (quivered)
 s - 6 boomerangs
 x - 4 poisoned darts
Armour
 c - an orb of light (worn)
 j - a +0 kite shield
 o - a +0 ring mail
 p - a +0 chain mail (worn)
 r - a +0 helmet (worn)
 v - a +0 leather armour
 F - a +0 pair of boots (worn)
 G - a +0 robe
Jewellery
 m - an amulet of reflection (around neck)
Wands
 q - a wand of flame (36)
 B - a wand of mindburst (14)
Scrolls
 e - 3 scrolls of identify {unknown}
 f - 2 scrolls of enchant weapon {unknown}
 k - a scroll of silence {unknown}
 l - 2 scrolls of poison {unknown}
 n - a scroll of fear {unknown}
 t - a scroll of immolation {unknown}
 u - a scroll of enchant armour {unknown}
 w - a scroll of amnesia {unknown}
 z - 2 scrolls of magic mapping {unknown}
 E - 3 scrolls of noise {unknown}


   Skills:
 + Level 3.9 Fighting
 + Level 4.1 Maces & Flails
 + Level 1.0 Armour
 + Level 2.8 Dodging
 + Level 0.4 Shields
 * Level 1.3 Spellcasting
 * Level 0.6 Earth Magic


You had 6 spell levels left.
You didn't know any spells.
Your spell library contained the following spells:

 Spells                   Type           Power      Damage    Failure   Level
 Sandblast                Erth           4%         2d4       99%         1
 Shock                    Conj/Air       0%         1d3       99%         1
 Passwall                 Tmut/Erth      0%         N/A       100%        2
 Ozocubu's Armour         Ice            0%         N/A       100%        3
 Stone Arrow              Conj/Erth      2%         3d7       100%        3
 Swiftness                Air            0%         N/A       100%        3
 Airstrike                Air            0%         2d(0-16)  100%        4
 Ozocubu's Refrigeration  Ice            0%         4d7       100%        7


Dungeon Overview and Level Annotations

Branches:
Dungeon (5/15)             Temple (1/1) D:4

Altars:
Cheibriados
Dithmenos
Gozag
Makhleb
Okawaru
Ru
Sif Muna
Uskayaw
Xom

Shops:
D:2 (   D:3 [

Annotations:
D:2 Sigmund
D:3 exclusion: 2 orc wizards


Innate Abilities, Weirdness & Mutations

You are immune to poison.
Your flesh is cold resistant. (rC+)
You are immune to negative energy. (rN+++)
You are immune to unholy pain and torment.
You are vulnerable to heat. (rF-)
You are hated by all.
You are in touch with the powers of death.
You do not drink.
You have a special connection with the divine. (Faith)


Message History

You kill the orc!
No target in view!
s - 6 boomerangs (gained 1)
Items here: )) [ †.
You see here a +1 dagger of venom.
G - a +1 dagger of venom
Items here: )) [ †.
HP restored.
An orc comes into view. It is wielding a +0 mace.
Items here: )) [ †.
Okay, then.
Adjust to which letter? (? for menu, Esc to quit)
b - a +1 dagger of venom;
G - a +0 robe
Items here: )) [ †.
A centaur comes into view.
The centaur shouts!
Okay, then.
The centaur wields a +0 shortbow.
The centaur shoots an arrow.
The arrow hits you!
An orc priest comes into view. It is wielding a +0 whip.
An orc comes into view. It is wielding a +0 dagger.
Okay, then.
The orc shouts!
You hear a shout! x2
The centaur shoots an arrow.
The arrow hits you.
The centaur shoots an arrow.
The arrow hits you.
An orc wizard comes into view. It is wielding a +1 dagger of venom.
The centaur shoots an arrow.
You block the arrow with an invisible shield... and reflect it back!
The arrow hits the centaur.
The centaur shoots an arrow.
The arrow hits you.
An orc comes into view. It is wielding a +0 club.
The centaur shoots an arrow.
The arrow barely misses you.
There is a stone staircase leading down here.
The centaur shoots an arrow.
The arrow hits you!
* * * LOW HITPOINT WARNING * * *
Found an escape hatch in the ceiling.
The orc closely misses you.
You hit the orc.
The orc is almost dead.
The centaur shoots an arrow.
The arrow hits you!
You die...

###### ......
.<....#+# ..#...#
.....# #<..# #..o#
# #@#####.# o
#.......#
##.####>$......
...oo.....########
##........######.#
#...............#
#...c..########)#
#......# #.#
#.#+#### #.#


You could see a centaur and an orc.

Vanquished Creatures
  A hound (D:3)
  Jessica (D:2)
  An orc wizard (D:4)
  A sleepcap (D:4)
  Robin (D:1)
  2 adders
  A worm (D:3)
  A dart slug (D:3)
  6 orcs
  4 endoplasms
  A giant cockroach (D:4)
  15 goblins
  8 hobgoblins
  9 jackals
  3 kobolds
  3 quokkas
  6 ball pythons
  9 bats
  2 frilled lizards (D:1)
  8 rats
83 creatures vanquished.

Vanquished Creatures (others)
  2 fungi (D:1)
2 creatures vanquished.

Grand Total: 85 creatures vanquished

Notes
Turn   | Place    | Note
-------+----------+-------------------------------------------
     0 | D:1      | jimonade the Mummy Monk began the quest for the Orb.
     0 | D:1      | Reached XP level 1. HP: 18/18 MP: 1/1
   173 | D:1      | Reached XP level 2. HP: 23/24 MP: 2/2
   764 | D:2      | Found a shimmering altar of Xom.
   806 | D:2      | Noticed Jessica
   815 | D:2      | Killed Jessica
   816 | D:2      | Reached skill level 3 in Maces & Flails
   816 | D:2      | Gained mutation: You are in touch with the powers of death.
                  | [Mummy growth]
   816 | D:2      | Reached XP level 3. HP: 23/29 MP: 3/3
   940 | D:2      | Noticed Robin
   981 | D:2      | Reached XP level 4. HP: 37/37 MP: 4/4
  1103 | D:1      | Killed Robin
  1326 | D:2      | Found Leazyn's Antique Weapon Shoppe.
  1355 | D:2      | Noticed Sigmund
  1795 | D:3      | Found a shimmering blue altar of Sif Muna.
  1886 | D:3      | Reached XP level 5. HP: 38/42 MP: 5/5
  1904 | D:3      | Found Lemmaon's Armour Shop.
  2055 | D:3      | Found a sacrificial altar of Ru.
  2064 | D:3      | Became a worshipper of Ru the Awakened
  2080 | D:3      | Gained mutation: You are hated by all. [Ru sacrifice]
  2080 | D:3      | Reached * piety under Ru
  2474 | D:4      | Found a staircase to the Ecumenical Temple.
  2496 | D:4      | Reached skill level 4 in Maces & Flails
  2508 | Temple   | Entered the Ecumenical Temple
  2725 | D:4      | Reached skill level 1 in Spellcasting
  2730 | D:4      | Reached skill level 1 in Armour
  3221 | D:5      | Entered Level 5 of the Dungeon
  3308 | D:5      | Noticed a centaur
  3315 | D:5      | Shot with an arrow by a centaur

Illustrated notes

Levels and vault maps discovered:
D:1:      minmay_arrival_nine_rooms, layout_rooms, dreamdust_mushroom_princess,
          minmay_pentomino_s4
D:2:      layout_basic, basic_altar, serial_shops, shop, uniq_robin,
          uniq_sigmund, uniq_jessica
D:3:      layout_basic, lemuel_coloured_pillars_altar, led_sif_book,
          serial_shops, shop
D:4:      layout_basic, minmay_temple_entry_mini_moons
D:5:      minmay_chambers_of_threes, layout_basic,
          mainiacjoe_overflow_six_doors_small,
          chequers_temple_overflow_minitemple, gammafunk_ghost_arena
Temple:   nicolae_temple_bog_church

Skill      XL: |  1  2  3  4  5 |
---------------+----------------+-----
Maces & Flails | 3 4 |  4.1
Spellcasting   | 1 |  1.3
Armour         | 1 |  1.0
Fighting       | |  3.9
Dodging        | |  2.8
Shields        | |  0.4
Earth Magic    | |  0.6

Action                     |  1- 3 |  4- 6 || total
---------------------------+-------+-------++-------
  Melee: Mace              |    93 |   161 ||   254
 Invoke: Sacrifice Love    |       |     1 ||     1
 Armour: Robe              |    11 |       ||    11
         Chain mail        |    23 |    97 ||   120
         Ring mail         |     1 |       ||     1
  Dodge: Dodged            |    60 |    62 ||   122
  Block: Orb               |    16 |    42 ||    58
         Reflection        |       |     4 ||     4

Table legend: (Time is in decaauts)
 A = Elapsed time spent in this place.
 B = Non-inter-level travel time spent in this place.
 C = Inter-level travel time spent in this place.
 D = Time resting spent in this place.
 E = Time spent auto-exploring this place.
 F = Levels seen in this place.
 G = Mean time per level.
                   A        B        C        D        E       F      G
               +--------+--------+--------+--------+--------+-----+--------+
         Total |   3391 |   3262 |    129 |    100 |   1946 |   6 |  565.2 |
       Dungeon |   3204 |   3097 |    107 |    100 |   1796 |   5 |  640.8 |
        Temple |    187 |    165 |     22 |      0 |    150 |   1 |  187.0 |
               +--------+--------+--------+--------+--------+-----+--------+

Top non-repeatable levels by time:
     D:2: 892 daAuts
     D:1: 840 daAuts
     D:4: 742 daAuts
     D:3: 633 daAuts
  Temple: 187 daAuts
     D:5: 95 daAuts
